 Seeded DCSS version 0.30-a0-715-gdb4ae3ece1 (webtiles) character file.

Game seed: 5430720872467839093 (custom seed)

46 OTABOTABOTAB the Shooter (level 3, -5/28 HPs)
             Began as a Formicid Hunter on Jan 24, 2023.
             Slain by a gnoll
             ... wielding a +0 club
              (7 damage)
             ... on level 2 of the Dungeon.
             The game lasted 00:01:20 (1093 turns).

OTABOTABOTAB the Shooter (Formicid Hunter)          Turns: 1093, Time: 00:01:21

Health: -5/28      AC:  3    Str: 21    XL:     3   Next: 95%
Magic:  3/3        EV: 12    Int:  8    God:
Gold:   54         SH:  0    Dex: 19    Spells: 2/2 levels left

rFire   . . .      SeeInvis +    a - +0 shortbow
rCold   . . .      Faith    .    (no shield)
rNeg    . . .      Spirit   .    c - +0 leather armour
rPois   .          Reflect  .    (helmet unavailable)
rElec   .          Harm     .    (no cloak)
rCorr   .          Rampage  .    (no gloves)
Will    .....                    (no boots)
Stlth   ++                       (no amulet)
HPRegen 0.24/turn                l - +6 ring of strength
MPRegen 0.08/turn                (no ring)

@: no status effects
A: permanent stasis, dig shafts and tunnels, antennae 3, four strong arms
a: Dig, Shaft Self


You were on level 2 of the Dungeon.
You visited 1 branch of the dungeon, and saw 2 of its levels.

You collected 54 gold pieces.

Inventory:

Hand Weapons
 a - a +0 shortbow (weapon)
Missiles
 s - 6 stones
Armour
 c - a +0 leather armour (worn)
Jewellery
 l - a +6 ring of strength (left hand)
   (You found it on level 1 of the Dungeon)
Scrolls
 b - a scroll of brand weapon {unknown}
 e - a scroll of torment {unknown}
 f - 2 scrolls of amnesia {unknown}
 g - a scroll of identify {unknown}
 h - a scroll of teleportation {unknown}
 k - a scroll of noise {unknown}
 m - a scroll of fog {unknown}
 n - a scroll of enchant armour {unknown}
 K - 2 scrolls of immolation {!r}
Potions
 d - a potion of mutation {unknown}
 i - a potion of attraction {unknown}
 j - 2 potions of curing {unknown}


   Skills:
 + Level 2.7 Fighting
 * Level 4.5 Ranged Weapons
 + Level 2.2 Dodging
 + Level 2.2 Stealth


You had 2 spell levels left.
You didn't know any spells.
Your spell library was empty.

Dungeon Overview and Level Annotations

Branches:
Dungeon (2/15)

Altars:


Innate Abilities, Weirdness & Mutations

You cannot be hasted, slowed, berserked, paralysed or teleported.
You can dig through walls and to a lower floor.
You have a pair of large antennae on your head. (SInv)
Your four strong arms can wield two-handed weapons with a shield.


Message History

There is an open door here.
Done exploring.
Done exploring.
Done exploring.
(D) Dungeon
Where to? (Enter - D:1 @ (x,y), ? - help)
There is a stone staircase leading down here.
You climb downwards.
There is a stone staircase leading up here.
m - a scroll labelled FOAG OXIETEFUL
K - 2 scrolls of immolation {!r} (gained 1)
Found a stone staircase leading down.
A frilled lizard comes into view.
You shoot an arrow. The arrow hits the frilled lizard.
You kill the frilled lizard!
No target in view!
No target in view!
There is a shaft here.
You sense a monster nearby.
No target in view!
No target in view!
No target in view!
A goblin comes into view. It is wielding a +0 dagger.
You see here 9 gold pieces.
You shoot an arrow. The arrow hits the goblin.
The goblin shouts!
A bat comes into view.
You shoot an arrow. The arrow closely misses the goblin.
You shoot an arrow. The arrow completely misses the bat.
The bat hits you but does no damage.
You shoot an arrow. The arrow hits the goblin.
The bat hits you but does no damage. The goblin closely misses you.
You shoot an arrow. The arrow hits the goblin!
You kill the goblin!
The bat closely misses you.
Your Stealth skill increases to level 2!
You shoot an arrow. The arrow hits the bat!
You kill the bat!
No target in view!
No target in view!
You now have 54 gold pieces (gained 9).
You see here a +0 dagger.
You sense a monster nearby.
No target in view!
n - a scroll labelled YMAALE IKAA No target in view!
No target in view!
A gnoll comes into view. It is wielding a +0 flail.
You shoot an arrow.
The arrow hits the gnoll but does no damage.
The gnoll shouts!
A gnoll comes into view. It is wielding a +0 whip.
The gnoll moves out of view.
You shoot an arrow. The arrow hits the gnoll.
You hear a shout!
No target in view!
No target in view!
No target in view!
No target in view!
You shoot an arrow. The arrow hits the gnoll!
You hear a shout!
You shoot an arrow. The arrow barely misses the gnoll.
The arrow hits the gnoll!
A gnoll comes into view. It is wielding a +0 club.
You shoot an arrow. The arrow barely misses the gnoll.
The arrow hits the gnoll but does no damage.
You shoot an arrow. The arrow hits the gnoll!
You kill the gnoll!
You shoot an arrow. The arrow hits the gnoll.
You kill the gnoll!
Unknown command.
You shoot an arrow. The arrow hits the gnoll.
The gnoll hits you with a +0 club.
You take 2 damage, and have 26/28 hp.
You shoot an arrow.
The arrow hits the gnoll but does no damage.
The gnoll hits you with a +0 club.
You take 6 damage, and have 20/28 hp.
MASSIVE DAMAGE!!
You shoot an arrow. The arrow closely misses the gnoll.
The gnoll hits you with a +0 club. The gnoll hits you with a +0 club!
You take 9 damage, and have 11/28 hp.
MASSIVE DAMAGE!!
Fire: a) +0 shortbow
Aim: a gnoll, wielding a +0 club (lightly wounded, 68% to hit)
You shoot an arrow. The arrow hits the gnoll.
The gnoll hits you with a +0 club.
* * * LOW HITPOINT WARNING * * *
You take 4 damage, and have 7/28 hp.
Fire: a) +0 shortbow
Aim: a gnoll, wielding a +0 club (moderately wounded, 68% to hit)
You shoot an arrow. The arrow barely misses the gnoll.
The gnoll hits you with a +0 club.
* * * LOW HITPOINT WARNING * * *
You take 5 damage, and have 2/28 hp.
Fire: a) +0 shortbow
Aim: a gnoll, wielding a +0 club (moderately wounded, 68% to hit)
You shoot an arrow. The arrow barely misses the gnoll.
The gnoll hits you with a +0 club!
You die...

...# #.. #.. ##.. ..#
#.# #g#### #@...#
####.# #....####
#.##....# #.......##
......#.#.).#####
#...#.....#.....#####
..#....#....#.^......
#...#.....#...#.#####


You could see a gnoll.

Vanquished Creatures
  2 gnolls (D:2)
  2 bats
  2 endoplasms (D:1)
  3 goblins
  A hobgoblin (D:1)
  4 jackals (D:1)
  4 kobolds (D:1)
  2 quokkas (D:1)
  2 ball pythons (D:1)
  A frilled lizard (D:2)
  A rat (D:1)
24 creatures vanquished.

Notes
Turn   | Place    | Note
-------+----------+-------------------------------------------
     0 | D:1      | OTABOTABOTAB the Formicid Hunter began the quest for the
                  | Orb.
     0 | D:1      | Reached XP level 1. HP: 16/16 MP: 1/1
   141 | D:1      | Reached XP level 2. HP: 23/23 MP: 2/2
   149 | D:1      | Reached skill level 2 in Dodging
   348 | D:1      | Reached XP level 3. HP: 28/28 MP: 3/3
  1069 | D:2      | Reached skill level 2 in Stealth
  1091 | D:2      | HP: 7/28 [gnoll/+0 club (5)]
  1092 | D:2      | HP: 2/28 [gnoll/+0 club (5)]
  1093 | D:2      | Slain by a gnoll

Illustrated notes

Levels and vault maps discovered:
D:1:      dpeg_arrival_boxes_within_box, layout_basic
D:2:      layout_loops_ring, serial_shops, shop, nicolae_kite_square_tiling_tiny

Skill      XL: |  1  2  3 |
---------------+----------+-----
Dodging        | 2 |  2.2
Stealth        | 2 |  2.2
Fighting       | |  2.7
Ranged Weapons | |  4.5

Action                     || total
---------------------------++-------
   Fire: Shortbow          ||    67
 Armour: Leather armour    ||     6
  Dodge: Dodged            ||    14

Table legend: (Time is in decaauts)
 A = Elapsed time spent in this place.
 B = Non-inter-level travel time spent in this place.
 C = Inter-level travel time spent in this place.
 D = Time resting spent in this place.
 E = Time spent auto-exploring this place.
 F = Levels seen in this place.
 G = Mean time per level.
                   A        B        C        D        E       F      G
               +--------+--------+--------+--------+--------+-----+--------+
         Total |   1112 |   1006 |    106 |      0 |    819 |   2 |  556.0 |
       Dungeon |   1112 |   1006 |    106 |      0 |    819 |   2 |  556.0 |
               +--------+--------+--------+--------+--------+-----+--------+

Top non-repeatable levels by time:
     D:1: 1033 daAuts
     D:2: 79 daAuts

Table legend:
 A = Kills in this place as a percentage of kills in entire the game.
 B = Kills by you in this place as a percentage of kills by you in the entire game.
 C = Kills by friends in this place as a percentage of kills by friends in the entire game.
 D = Other kills in this place as a percentage of other kills in the entire game.
 E = Experience gained in this place as a percentage of experience gained in the entire game.
 F = Experience gained in this place divided by the number of levels of this place that you have seen.
                   A       B       C       D       E      F
               +-------+-------+-------+-------+-------+----------------------
         Total | 100.0 | 100.0 |   N/A |   N/A | 100.0 |  33.5
       Dungeon | 100.0 | 100.0 |   N/A |   N/A | 100.0 |  33.5
               +-------+-------+-------+-------+-------+----------------------
